Map: Ascension to Aiur LE

Players

liquidthermy (uThermal) - Winner!

  • Race: Terran Terran
  • League: Master
  • Spawn Location: 11:00

LiquidTLO (TLO)

  • Race: Zerg Zerg
  • League: Master
  • Spawn Location: 5:00

Event: HomeStory Cup XV

VOD

Have the link to the VOD?

Description

Time

  • Played on: July 22, 2017, 4:43 p.m.
  • Length: 6:30

All games in this series

Show
View Real Time Build Order
Export as new Build Order

liquidthermy Terran - Winner!

Build Orders:  

Get SALT Encoding   

  12  0:00  SCV  
  13  0:12  SCV  
  14  0:18  Supply Depot  
  14  0:25  SCV  
  15  0:40  SCV  
  16  0:43  Barracks  
  16  0:56  Barracks  
  16  1:11  Barracks  
  16  1:27  Supply Depot  
  16  1:30  Marine  
  17  1:44  Marine  
  17  1:46  Orbital Command  
  17  1:51  Marine  
  17  2:01  Marine  
  18  2:09  Marine  
  18  2:12  SCV  
  20  2:19  Marine  
  20  2:20  Marine  
  22  2:24  SCV  
  23  2:31  Marine  
  23  2:36  SCV  
  21  2:46  Marine  
  21  2:48  SCV, Refinery  
  21  2:49  Refinery  
  21  2:50  Marine x2  
  24  3:01  SCV  
  24  3:04  Marine  
  25  3:08  Marine  
  25  3:11  Marine  
  27  3:13  SCV, Supply Depot  
  28  3:21  Marine  
  28  3:25  SCV  
  28  3:26  Marine  
  31  3:34  Factory  
  31  3:38  SCV, Marine  
  31  3:40  Marine  
  34  3:48  Supply Depot  
  34  3:51  Marine  
  35  3:56  Marine  
  35  3:58  Marine  
  35  4:21  Hellion  
  30  4:27  Starport  
  30  4:28  SCV  
  24  4:41  SCV  
  24  4:43  Hellion  
  27  4:53  SCV  
  28  5:00  Supply Depot  
  28  5:04  Hellion, Starport Tech Lab  
  28  5:05  SCV  
  25  5:25  Hellion  
  25  5:33  Supply Depot  
  25  5:34  Supply Depot  
  25  5:35  Supply Depot  
  25  5:41  Banshee  
  28  5:48  Hellion  
Show
View Real Time Build Order
Export as new Build Order

LiquidTLO Zerg 

Build Orders: Hatch First, Zergling Baneling 

Get SALT Encoding   

  12  0:00  Drone  
  13  0:12  Overlord  
  13  0:17  Drone  
  14  0:31  Drone x2  
  14  0:34  Drone  
  17  0:52  Hatchery  
  17  0:55  Drone  
  17  1:13  Spawning Pool  
  17  1:15  Drone  
  17  1:18  Drone  
  18  1:20  Drone  
  18  1:24  Extractor  
  18  1:34  Drone  
  18  1:39  Drone  
  19  2:06  Zergling x2  
  19  2:07  Queen, Zergling x4  
  23  2:12  Zergling x2, Spine Crawler  
  23  2:19  Zergling x2  
  24  2:23  Zergling x2  
  24  2:25  Zergling x2  
  24  2:27  Metabolic Boost  
  26  2:32  Zergling x2  
  23  2:38  Zergling x2  
  23  2:46  Zergling x4  
  25  2:51  Baneling Nest  
  25  2:54  Zergling x2  
  25  2:57  Zergling x2  
  23  3:05  Zergling x2  
  23  3:10  Zergling x2  
  25  3:14  Zergling x2  
  25  3:15  Zergling x2  
  27  3:24  Zergling x2  
  28  3:31  Overlord  
  28  3:50  Zergling x10  
  28  3:51  Zergling x2  
  34  4:01  Zergling x4  
  34  4:04  Zergling x2  
  34  4:07  Zergling x2  
  33  4:19  Drone  
  30  4:24  Drone  
  30  4:25  Drone x2  
  32  4:32  Zergling x2  
  33  4:46  Baneling x7  
  33  4:47  Baneling x2  
  33  4:50  Zergling x4  
  33  4:51  Zergling x2  
  36  4:55  Baneling  
  33  5:08  Zergling x2  
  33  5:10  Zergling x4  
  33  5:15  Zergling x2  
  33  5:18  Zergling x4  
  33  5:20  Zergling x4  
  35  5:25  Zergling x2  
  33  5:29  Zergling x2  
  33  5:30  Zergling x2  
  33  5:32  Zergling x2  
  36  5:42  Baneling, Overlord  
  36  5:43  Baneling  
  36  5:44  Overlord  
  36  5:47  Baneling  
  36  5:50  Overlord  
  36  5:56  Baneling  
  36  6:01  Zergling x2  
  36  6:02  Zergling x4  
  39  6:06  Baneling  
  39  6:08  Zergling x2  
  39  6:10  Zergling x2  
  41  6:12  Zergling x2  
Tags
 
Add a new tag
Caveats
  • Supply blocks, unpowered buildings, or Contaminate may cause inaccurate times.
  • Supply counts are checked every 10 seconds.